 Dungeon Crawl Stone Soup version 0.30-a0-364-gf6b3ef1049 (webtiles) character file.

Game seed: 1865967774354627641

216 Manisia the Magician (level 5, -1/24 HPs)
             Began as a Vine Stalker Wanderer on Nov 15, 2022.
             Slain by a gnoll
             ... wielding a +0 flail
              (8 damage)
             ... on level 3 of the Dungeon.
             The game lasted 00:07:26 (2650 turns).

Manisia the Magician (Vine Stalker Wanderer)        Turns: 2650, Time: 00:07:27

Health: -1/24      AC:  2    Str: 15    XL:     5   Next: 93%
Magic:  0/13       EV: 11    Int: 18    God:
Gold:   119        SH:  0    Dex:  9    Spells: 10/14 levels left

rFire   . . .      SeeInvis .    o - +0 flail (holy)
rCold   . . .      Faith    .    (no shield)
rNeg    . . .      Spirit   +    e - +0 robe
rPois   +          Reflect  .    (no helmet)
rElec   .          Harm     .    (no cloak)
rCorr   .          Rampage  .    (no gloves)
Will    .....                    (no boots)
Stlth   ++........               (no amulet)
HPRegen 1.04/turn                i - ring of poison resistance
MPRegen 0.13/turn                (no ring)

@: no status effects
A: fangs 2, regeneration 1, magic shield, antimagic bite, no potion heal 2
a: no special abilities


You were on level 3 of the Dungeon.
You visited 1 branch of the dungeon, and saw 3 of its levels.

You collected 119 gold pieces.

Inventory:

Hand Weapons
 a - a +0 flail
 o - a +0 flail of holy wrath (weapon)
Missiles
 f - 16 stones (quivered)
 g - 6 poisoned darts
Armour
 c - a +1 ring mail
 e - a +0 robe (worn)
Jewellery
 i - a ring of poison resistance (left hand)
Scrolls
 b - a scroll of fear
 p - a scroll of teleportation
Potions
 d - 2 potions of degeneration
 h - 2 potions of heal wounds
 j - 4 potions of mutation {unknown}
 k - a potion of attraction {unknown}
 l - a potion of curing {unknown}
 m - 2 potions of might {unknown}
 n - a potion of berserk rage {unknown}


   Skills:
 + Level 0.1 Fighting
 + Level 0.3 Maces & Flails
 - Level 1.0 Throwing
 - Level 1.0 Armour
 + Level 0.5 Dodging
 + Level 1.6 Stealth
 - Level 5.0 Spellcasting
 + Level 3.0 Ice Magic
 - Level 3.0 Earth Magic
 - Level 1.0 Evocations


You had 10 spell levels left.
You knew the following spells:

 Your Spells              Type           Power      Damage    Failure   Level
a - Sandblast             Erth           30%        2d9       3%          1
b - Ensorcelled Hibernat  Hex/Ice        20%        N/A       11%         2
c - Freeze                Ice            60%        1d7       3%          1

Your spell library contained the following spells:

 Spells                   Type           Power      Damage    Failure   Level
 Hailstorm                Conj/Ice       10%        3d5       22%         3
 Stone Arrow              Conj/Erth      18%        3d8       22%         3


Dungeon Overview and Level Annotations

Branches:
Dungeon (3/15)

Altars:

Annotations:
D:3 3 runed translucent doors, Lobster4's ghost, amateur MiHu


Innate Abilities, Weirdness & Mutations

You have extremely sharp teeth.
Your natural rate of healing is unusually fast.
When hurt, damage is shared between your health and your magic reserves.
Your bite disrupts and absorbs the magic of your enemies.
Potions cannot restore your health.


Message History

The gnoll hits you with a +0 whip.
Casting: Sandblast (safe; 3% risk of failure)
Confirm with . or Enter, or press ? or * to list all spells.
Aiming: Sandblast (safe; 3% risk of failure)
Press: ? - help, Shift-Dir - straight line, f/p - gnoll
Aim: a gnoll, wielding a +0 flail (moderately wounded, 84% to hit)
The blast of sand hits the gnoll!
You kill the gnoll!
The gnoll hits you with a +0 flail!
Your Ice Magic skill increases to level 3!
Casting: Sandblast (safe; 3% risk of failure)
Confirm with . or Enter, or press ? or * to list all spells.
Aiming: Sandblast (safe; 3% risk of failure)
Press: ? - help, Shift-Dir - straight line, f/p - gnoll
Aim: a gnoll, wielding a +0 flail (moderately wounded, 84% to hit)
The blast of sand hits the gnoll.
The gnoll is heavily wounded.
The gnoll hits you with a +0 flail.
Casting: Sandblast (safe; 3% risk of failure)
Confirm with . or Enter, or press ? or * to list all spells.
Aiming: Sandblast (safe; 3% risk of failure)
Press: ? - help, Shift-Dir - straight line, f/p - gnoll
Aim: a gnoll, wielding a +0 flail (heavily wounded, 84% to hit)
The blast of sand hits the gnoll.
The gnoll is almost dead.
The gnoll barely misses you. The gnoll hits you with a +0 flail.
* * * LOW HITPOINT WARNING * * *
Your magical contamination has completely faded away.
You cannot be healed by potions.
Things that are here:
a +0 club; a goblin corpse The gnoll attacks as you move away!
The gnoll barely misses you.
You closely miss the gnoll. Your bite misses the gnoll.
The gnoll is almost dead.
The gnoll hits you with a +0 flail.
* * * LOW HITPOINT WARNING * * *
You closely miss the gnoll.
The gnoll is almost dead.
The gnoll hits you with a +0 flail!
You die...

.... #.......# #.##
#gg##...# #.. ..#
#..##.#.#####.# #.#
#.g##.#.#...#.# #.#
#.g##.#.......# #.#
#..##.#.......###.#
.####..##.#........##.#
....)...)†.gg@......##.#
#.#.##..######...##.##.##
### .. #..# #...##.#..†#
##.# # #...
.....###.....###.#. ##.#
####### #........### ..#
##.######.#. ..# #.# ##.#
.. #.#######.#
#..........


You could see 2 gnolls.

Vanquished Creatures
  An orc priest (D:3)
  An iguana (D:2)
  5 gnolls (D:3)
  6 adders
  A worm (D:3)
  A dart slug (D:2)
  3 orcs (D:3)
  3 endoplasms
  2 giant cockroaches (D:3)
  4 goblins
  2 hobgoblins (D:1)
  2 kobolds (D:2)
  6 quokkas
  5 ball pythons
  5 bats
  3 frilled lizards (D:1)
  8 rats
58 creatures vanquished.

Notes
Turn   | Place    | Note
-------+----------+-------------------------------------------
     0 | D:1      | Manisia the Vine Stalker Wanderer began the quest for the
                  | Orb.
     0 | D:1      | Manisia set off with the following items: a +0 club, a
                  | scroll of fear, a +0 ring mail; and the following spells
                  | available to memorise: Freeze, Sandblast, Ensorcelled
                  | Hibernation, Hailstorm, Stone Arrow.
     0 | D:1      | Reached XP level 1. HP: 9/9 MP: 5/5
     2 | D:1      | Learned a level 1 spell: Sandblast
    77 | D:1      | Found a faded altar of an unknown god.
   147 | D:1      | Reached XP level 2. HP: 13/13 MP: 5/7
  1070 | D:2      | Learned a level 2 spell: Ensorcelled Hibernation
  1145 | D:2      | Reached skill level 4 in Spellcasting
  1145 | D:2      | Reached XP level 3. HP: 16/16 MP: 5/9
  1343 | D:2      | Learned a level 1 spell: Freeze
  1624 | D:2      | Gained mutation: Your natural rate of healing is unusually
                  | fast. [Vine Stalker growth]
  1624 | D:2      | Reached XP level 4. HP: 21/21 MP: 4/11
  2221 | D:3      | Reached XP level 5. HP: 13/24 MP: 1/13
  2374 | D:3      | Reached skill level 5 in Spellcasting
  2463 | D:3      | Found a runed translucent gate.
  2463 | D:3      | Found a runed translucent gate.
  2464 | D:3      | Found a runed translucent gate.
  2466 | D:3      | Noticed Lobster4's ghost (amateur MiHu)
  2650 | D:3      | Slain by a gnoll

Illustrated notes

Levels and vault maps discovered:
D:1:      roderic_crop_circles_arrival_small, layout_loops_corners,
          shapermc_ecumenical_altar_venn
D:2:      layout_loops_cross
D:3:      minmay_angry_zag, layout_loops_ring, gammafunk_ghost_necromancy,
          st_stairs_12

Skill      XL: |  1  2  3  4  5 |
---------------+----------------+-----
Spellcasting   | 4 5 |  5.0
Earth Magic    | 2 3 |  3.0
Ice Magic      | 3 |  3.0
Fighting       | |  0.1
Maces & Flails | |  0.3
Throwing       | |  1.0
Armour         | |  1.0
Dodging        | |  0.5
Stealth        | |  1.6
Evocations     | |  1.0

Action                   |  1- 3 |  4- 6 || total
-------------------------+-------+-------++-------
Melee: Club              |    13 |       ||    13
       Bite              |     2 |       ||     2
       Flail             |       |     2 ||     2
Throw: Stone             |    12 |     7 ||    19
 Cast: Sandblast         |    37 |    42 ||    79
       Freeze            |     4 |    12 ||    16
  Use: Scroll            |     3 |     3 ||     6
Armor: Ring mail         |     8 |       ||     8
       Robe              |       |     1 ||     1
Dodge: Dodged            |    13 |     8 ||    21

Table legend: (Time is in decaauts)
 A = Elapsed time spent in this place.
 B = Non-inter-level travel time spent in this place.
 C = Inter-level travel time spent in this place.
 D = Time resting spent in this place.
 E = Time spent auto-exploring this place.
 F = Levels seen in this place.
 G = Mean time per level.
                   A        B        C        D        E       F      G
               +--------+--------+--------+--------+--------+-----+--------+
         Total |   2694 |   2592 |    102 |     22 |   2166 |   3 |  898.0 |
       Dungeon |   2694 |   2592 |    102 |     22 |   2166 |   3 |  898.0 |
               +--------+--------+--------+--------+--------+-----+--------+

Top non-repeatable levels by time:
     D:1: 1078 daAuts
     D:2: 1020 daAuts
     D:3: 596 daAuts
